 Dungeon Crawl Stone Soup version 0.31-a0-115-g4708a659fe (webtiles) character file.

Game seed: 13094887604788741449

534 Maxmaps the Covered (level 7, -4/48 HPs)
             Began as a Demonspawn Monk on May 29, 2023.
             Slain by a two-headed ogre
             ... wielding a +0 giant club
              (8 damage)
             ... on level 4 of the Dungeon.
             The game lasted 00:04:33 (3347 turns).

Maxmaps the Covered (Demonspawn Monk)               Turns: 3347, Time: 00:04:33

Health: -4/48      AC: 11    Str: 12    XL:     7   Next: 4%
Magic:  16/16      EV: 11    Int: 13    God:
Gold:   198        SH:  0    Dex: 15    Spells: 6/6 levels left

rFire   + .          .
                       - Unarmed
rCold   . . .        (no shield)
rNeg    . . .        g - +0 ring mail
rPois   .            i - +1 hat
rElec   .            (no cloak)
rCorr   .            (no gloves)
SInv    .            e - +1 pair of boots
Will    .....        (no amulet)
Stlth   +            f - ring of magical power
HPRegen 0.28/turn    d - ring of protection from fire
MPRegen 0.15/turn

%: no passive effects
@: unable to read
A: horns 1, powered by death 1, weakness stinger 1, demonic touch 1, iridescent
scales 1, frail 1, wild magic 1, inability to read after injury 1
a: no special abilities


You were on level 4 of the Dungeon.
You visited 1 branch of the dungeon, and saw 4 of its levels.

You collected 198 gold pieces.

Inventory:

Armour
 c - an orb of light
 e - a +1 pair of boots (worn)
 g - a +0 ring mail (worn)
 i - a +1 hat (worn)
Jewellery
 d - a ring of protection from fire (right hand)
 f - a ring of magical power (left hand)
Scrolls
 k - a scroll of identify
 l - a scroll of amnesia {unknown}
Potions
 a - 2 potions of heal wounds {unknown}
 b - a potion of ambrosia
 h - 2 potions of curing
 j - 2 potions of brilliance {unknown}
 m - a potion of degeneration {unknown}


   Skills:
 + Level 4.2 Fighting
 - Level 5.0 Armour
 - Level 3.0 Dodging
 - Level 4.0 Unarmed Combat


You had 6 spell levels left.
You didn't know any spells.
Your spell library contained the following spells:

 Spells                   Type           Power      Damage    Failure   Level
 Apportation              Tloc           0%         N/A       63%         1
 Necrotise                Necr           0%         1d4       63%         1
 Summon Small Mammal      Summ           0%         N/A       63%         1
 Stone Arrow              Conj/Erth      0%         3d7       93%         3
 Summon Guardian Golem    Hex/Summ       0%         N/A       93%         3
 Statue Form              Tmut/Erth      0%         N/A       100%        6
 Orb of Destruction       Conj           0%         9d5       100%        7
 Spellforged Servitor     Conj/Summ      0%         N/A       100%        7


Dungeon Overview and Level Annotations

Branches:
Dungeon (4/15)
 Temple: D:4-7

Altars:


Innate Abilities, Weirdness & Mutations

You have a pair of small horns on your head.
You regenerate a little health from kills.
You have a small tail.
Your touch may inflict minor irresistible damage on your foes.
You are partially covered in iridescent scales. (AC +2)
You are frail. (-10% HP)
Your spells are a little harder to cast, but a little more powerful.
You occasionally lose the ability to read scrolls when taking damage.


Message History

The goblin hits you with a +0 club.
You barely miss the goblin. You headbutt the goblin.
You kill the goblin!
No target in view!
Found a scroll of immolation.
Key pressed, stopping explore.
No target in view!
A two-headed ogre comes into view.
It is wielding a +0 giant club and a +0 giant spiked club.
The two-headed ogre shouts in stereo!
The two-headed ogre moves out of view.
No target in view!
Found a black potion.
You hit the two-headed ogre but do no damage.
You headbutt the two-headed ogre.
You touch the two-headed ogre.
The two-headed ogre is lightly wounded.
The two-headed ogre hits you with a +0 giant club!!
The two-headed ogre hits you with a +0 giant spiked club.
You barely miss the two-headed ogre.
Your headbutt misses the two-headed ogre.
You tail-slap the two-headed ogre.
The two-headed ogre is lightly wounded.
The two-headed ogre hits you with a +0 giant club!
You feel threatened and lose the ability to read scrolls!
* * * LOW HITPOINT WARNING * * *
The two-headed ogre hits you with a +0 giant spiked club!
* * * LOW HITPOINT WARNING * * *
You are too injured to fight recklessly!
You are too injured to fight recklessly!
You cannot read scrolls in your current state!
Unknown command.
Okay, then.
You hit the two-headed ogre but do no damage.
You touch the two-headed ogre!
The two-headed ogre is moderately wounded.
You hit the two-headed ogre.
You tail-slap the two-headed ogre, but do no damage.
You touch the two-headed ogre!
The two-headed ogre is heavily wounded.
The two-headed ogre hits you with a +0 giant club!
You die...

.#...## .#...#
.#...######
.#...#....#
.#...#....#
##........#
#.....#.########
#.....#..#.#.#?##
#.....#)###.#..@#
#.....#..#.####O#
#.....#.###.# ..#
#.....#..#.##!#.#
#.....#)#.#####.#
#.### #.# #.. ..#
##. .## ##


You could see a two-headed ogre.

Vanquished Creatures
  A black bear (D:4)
  2 scorpions (D:4)
  2 hounds (D:4)
  A sleepcap (D:4)
  Natasha (thrice) (D:3)
  Terence (D:2)
  3 adders
  4 gnolls (D:4)
  A worm (D:3)
  2 dart slugs
  An orc (D:4)
  10 endoplasms
  4 giant cockroaches
  7 goblins
  4 hobgoblins
  4 jackals (D:2)
  6 kobolds
  A quokka (D:2)
  5 ball pythons
  6 bats
  4 frilled lizards
  4 rats
76 creatures vanquished.

Notes
Turn   | Place    | Note
-------+----------+-------------------------------------------
     0 | D:1      | Maxmaps the Demonspawn Monk began the quest for the Orb.
     0 | D:1      | Reached XP level 1. HP: 18/18 MP: 1/1
   208 | D:1      | Found a faded altar of an unknown god.
   265 | D:1      | Discovered your monstrous ancestry.
   265 | D:1      | Gained mutation: Your touch may inflict minor irresistible
                  | damage on your foes. [demonic ancestry]
   265 | D:1      | Reached XP level 2. HP: 23/24 MP: 2/2
   904 | D:2      | Reached XP level 3. HP: 29/29 MP: 3/3
  1144 | D:2      | Got the Exposition on the Valley
  1662 | D:3      | Noticed Terence
  2016 | D:3      | Reached skill level 1 in Armour
  2016 | D:3      | Gained mutation: You have a pair of small horns on your
                  | head. [demonic ancestry]
  2016 | D:3      | Reached XP level 4. HP: 31/35 MP: 4/4
  2078 | D:3      | Noticed Natasha
  2104 | D:2      | Gained mutation: You have hidden genetic defects. [potion
                  | of mutation]
  2104 | D:2      | Gained mutation: Your spells are a little harder to cast,
                  | but a little more powerful. [potion of mutation]
  2104 | D:2      | Gained mutation: You are partially covered in iridescent
                  | scales. (AC +2) [potion of mutation]
  2110 | D:2      | Killed Terence
  2121 | D:2      | Gained mutation: You are frail. (-10% HP) [hidden defects]
  2191 | D:3      | Killed Natasha
  2192 | D:3      | Reached skill level 2 in Armour
  2206 | D:3      | Gained mutation: You occasionally lose the ability to read
                  | scrolls when taking damage. [hidden defects]
  2206 | D:3      | Lost mutation: You have hidden genetic defects. [hidden
                  | defects expressed]
  2412 | D:3      | Noticed Natasha
  2422 | D:3      | Killed Natasha
  2423 | D:3      | Reached XP level 5. HP: 33/36 MP: 5/5
  2618 | D:3      | Noticed Natasha
  2622 | D:3      | Killed Natasha
  2623 | D:3      | Reached skill level 3 in Armour
  2937 | D:4      | Noticed a black bear
  2944 | D:4      | Killed a black bear
  2945 | D:4      | Reached skill level 4 in Armour
  2945 | D:4      | Gained mutation: You have a small tail. [demonic ancestry]
  2945 | D:4      | Reached XP level 6. HP: 30/42 MP: 6/6
  3037 | D:4      | Reached skill level 5 in Armour
  3272 | D:4      | Gained mutation: You regenerate a little health from kills.
                  | [demonic ancestry]
  3272 | D:4      | Reached XP level 7. HP: 46/48 MP: 7/7
  3342 | D:4      | Noticed a two-headed ogre
  3347 | D:4      | Slain by a two-headed ogre

Illustrated notes

Levels and vault maps discovered:
D:1:      denvon_arrival_planthouse, layout_basic,
          shapermc_ecumenical_altar_flowoftime
D:2:      kb_forest_paths, layout_basic
D:3:      layout_basic, uniq_terence, uniq_natasha
D:4:      layout_basic, minmay_small_thing

Skill      XL: |  1  2  3  4  5  6 |
---------------+-------------------+-----
Unarmed Combat | 3 4 |  4.0
Dodging        | 3 |  3.0
Armour         | 1 2 4 5 |  5.0
Fighting       | 4 |  4.2

Action                     |  1- 3 |  4- 6 |  7- 9 || total
---------------------------+-------+-------+-------++-------
  Melee: Unarmed           |   116 |    88 |     9 ||   213
         Touch             |    16 |    24 |     4 ||    44
         Punch             |     2 |     2 |       ||     4
         Headbutt          |       |    26 |     2 ||    28
         Tailslap          |       |     5 |     2 ||     7
    Use: Scroll            |     8 |       |       ||     8
         Potion            |       |     3 |       ||     3
   Stab: Sleeping          |     3 |       |       ||     3
 Armour: Robe              |    20 |       |       ||    20
         Leather armour    |     2 |       |       ||     2
         Ring mail         |       |    36 |     2 ||    38
         Skin              |       |     4 |       ||     4
  Dodge: Dodged            |    74 |    62 |     1 ||   137

Table legend: (Time is in decaauts)
 A = Elapsed time spent in this place.
 B = Non-inter-level travel time spent in this place.
 C = Inter-level travel time spent in this place.
 D = Time resting spent in this place.
 E = Time spent auto-exploring this place.
 F = Levels seen in this place.
 G = Mean time per level.
                   A        B        C        D        E       F      G
               +--------+--------+--------+--------+--------+-----+--------+
         Total |   3345 |   3092 |    253 |    208 |   2262 |   4 |  836.2 |
       Dungeon |   3345 |   3092 |    253 |    208 |   2262 |   4 |  836.2 |
               +--------+--------+--------+--------+--------+-----+--------+

Top non-repeatable levels by time:
     D:2: 1158 daAuts
     D:3: 796 daAuts
     D:1: 720 daAuts
     D:4: 670 daAuts
